Map: Black Site 2E

Players

Desperado

  • Race: Zerg Zerg
  • League: Platinum
  • Spawn Location: 5:00

Dashen

  • Race: Terran Terran
  • Spawn Location: 6:00

Leonardo

  • Race: Protoss Protoss
  • Spawn Location: 3:00

JaySlays - Winner!

  • Race: Protoss Protoss
  • Spawn Location: 11:00

Wolf - Winner!

  • Race: Protoss Protoss
  • League: Diamond
  • Spawn Location: 9:00

jas - Winner!

  • Race: Zerg Zerg
  • Spawn Location: 12:00

VOD

Have the link to the VOD?

Description

Time

  • Played on: April 20, 2018, 12:59 a.m.
  • Length: 18:37
Show
View Real Time Build Order
Export as new Build Order

Desperado Zerg 

Build Orders: Hatch First 

Get SALT Encoding   

  12  0:01  Drone  
  13  0:10  Drone  
  14  0:19  Overlord  
  14  0:37  Drone x3  
  17  0:49  Drone  
  18  1:01  Hatchery  
  18  1:02  Drone  
  18  1:04  Extractor  
  17  1:13  Drone  
  18  1:19  Spawning Pool  
  18  1:23  Drone  
  18  1:32  Drone  
  19  1:43  Drone  
  21  1:54  Drone  
  21  2:09  Metabolic Boost  
  21  2:12  Queen  
  21  2:14  Queen  
  25  2:16  Zergling x6  
  28  2:25  Overlord  
  28  2:27  Overlord  
  29  2:51  Drone  
  29  2:53  Drone  
  29  2:55  Drone  
  29  2:56  Hatchery  
  30  3:06  Drone x3  
  30  3:09  Drone  
  34  3:13  Drone  
  34  3:19  Drone  
  37  3:20  Drone  
  37  3:22  Drone  
  37  3:23  Drone  
  39  3:27  Drone x2  
  39  3:33  Lair  
  41  3:35  Drone  
  41  3:39  Zergling x2  
  41  3:40  Zergling x2  
  43  3:43  Overlord  
  43  3:53  Zergling x2  
  43  3:56  Overlord x3  
  43  4:02  Zergling x4  
  44  4:09  Zergling x6  
  48  4:10  Zergling x4  
  48  4:15  Zergling x2  
  49  4:18  Zergling x2  
  49  4:22  Queen  
  51  4:26  Zergling x2  
  51  4:29  Zergling x2  
  53  4:34  Zergling x2  
  53  4:35  Zergling x6  
  57  4:45  Zergling x2  
  57  4:51  Spore Crawler  
  57  4:54  Drone  
  57  4:55  Drone x2  
  59  5:14  Extractor  
  59  5:15  Extractor  
  59  5:17  Spore Crawler  
  56  5:22  Spore Crawler  
  56  5:26  Drone x9, Spire  
  63  5:31  Zergling x4  
  65  5:37  Zergling x2  
  62  5:43  Extractor  
  62  5:47  Drone x4  
  57  5:52  Zergling x2  
  57  5:53  Zergling x10  
  60  6:00  Overlord x4  
  60  6:20  Overlord  
  60  6:21  Drone x4  
  64  6:26  Drone x2  
  64  6:27  Drone x3  
  69  6:35  Drone  
  69  6:36  Drone  
  69  6:38  Drone  
  72  6:43  Drone x3  
  72  6:44  Drone x2  
  72  6:45  Drone x2  
  79  6:49  Mutalisk x2  
  79  6:50  Mutalisk  
  85  6:54  Mutalisk  
  85  6:55  Mutalisk  
  85  6:57  Mutalisk x2  
  85  7:01  Extractor  
  92  7:02  Mutalisk  
  92  7:03  Mutalisk  
  92  7:04  Extractor  
  92  7:05  Pneumatized Carapace  
  95  7:09  Overseer  
  95  7:14  Drone x3  
  98  7:16  Overlord x3  
  98  7:26  Overlord x2  
  98  7:55  Mutalisk  
  98  7:56  Mutalisk x5  
  109  8:15  Mutalisk x2  
  109  8:16  Mutalisk x2  
  113  8:21  Mutalisk  
  115  8:43  Extractor, Hatchery  
  115  8:47  Zerg Flyer Weapons Level 1  
  113  8:48  Spire  
  113  8:52  Extractor, Infestation Pit  
  110  9:03  Baneling Nest  
  95  9:26  Mutalisk x6  
  95  9:29  Zergling x2  
  95  9:30  Zergling x22  
  119  9:36  Evolution Chamber  
  119  9:37  Evolution Chamber  
  94  10:16  Mutalisk  
  94  10:17  Mutalisk x7  
  94  10:19  Zergling x2  
  94  10:20  Zergling x18  
  120  10:24  Centrifical Hooks  
  120  10:27  Queen  
  122  10:34  Drone  
  122  10:35  Drone x5  
  128  10:40  Drone  
  128  10:41  Drone  
  130  10:43  Baneling  
  130  10:44  Baneling x12  
  130  10:45  Zergling x2  
  131  10:53  Zerg Melee Weapons Level 1  
  131  10:55  Drone x3  
  131  10:56  Drone x2  
  136  11:05  Overseer  
  136  11:10  Overlord x7  
  136  11:11  Overlord x2  
  136  11:32  Zergling x2  
  137  11:33  Zergling x14  
  137  11:38  Drone  
  137  11:39  Drone x2  
  147  11:40  Drone x2  
  147  11:46  Zergling x4  
  151  11:47  Zergling x2  
  151  11:48  Zergling x2  
  151  11:52  Zerg Ground Armor Level 1  
  151  11:53  Zerg Flyer Weapons Level 2  
  153  11:57  Zerg Flyer Armor Level 1  
  153  11:59  Zergling x8  
  153  12:01  Mutalisk  
  157  12:06  Zergling x2  
  160  12:09  Zergling x4  
  160  12:15  Zergling x8  
  163  12:16  Zergling x16  
  174  12:23  Mutalisk  
  174  12:25  Zergling x2  
  174  12:26  Zergling x2  
  174  12:27  Zergling x2  
  179  12:31  Baneling  
  179  12:32  Baneling x7  
  179  12:33  Baneling, Zergling x4  
  179  12:35  Zergling x2  
  182  12:40  Zergling x2  
  182  12:42  Zergling x2  
  182  12:43  Zergling x8  
  189  12:44  Zergling x4  
  190  12:51  Mutalisk  
  190  12:52  Mutalisk x4  
  175  13:17  Baneling x7  
  175  13:18  Baneling x13  
  89  13:45  Zergling x6  
  89  13:46  Zergling x40  
  109  13:53  Zerg Melee Weapons Level 2  
  109  13:54  Zerg Ground Armor Level 2  
  107  13:57  Hive  
  107  14:01  Zergling x4  
  107  14:02  Zergling x4  
  111  14:08  Zergling x2  
  112  14:11  Zerg Flyer Armor Level 2  
  112  14:12  Corruptor x3  
  118  14:38  Mutalisk  
  118  14:39  Corruptor x4  
  118  14:40  Corruptor x7  
  118  14:41  Corruptor x5  
  118  14:44  Zergling x2  
  152  15:09  Greater Spire  
  152  15:10  Zergling x2  
  152  15:11  Zergling x18  
  162  15:29  Zergling x10  
  162  15:30  Zergling x16  
  175  15:42  Drone x7  
  182  15:52  Zergling x2  
  182  15:53  Hatchery  
  182  15:55  Extractor x2  
  169  16:09  Corruptor x10  
  169  16:10  Corruptor  
  148  16:34  Corruptor  
  132  16:47  Corruptor  
  132  16:48  Drone, Corruptor x3  
  129  16:55  Corruptor  
  129  16:56  Corruptor x9  
  129  16:57  Corruptor x2  
  137  17:09  Corruptor x2  
  137  17:10  Corruptor x2  
  145  17:16  Corruptor x2  
  149  17:23  Corruptor x2  
  104  17:54  Corruptor  
  104  17:55  Corruptor x12  
Show
View Real Time Build Order
Export as new Build Order

Dashen Terran 

Build Orders:  

Get SALT Encoding   

  12  0:05  SCV  
  13  0:17  SCV  
  14  0:28  Supply Depot  
  14  0:29  SCV  
  14  0:35  Refinery  
  15  0:49  SCV  
  16  0:52  Barracks  
  16  1:01  SCV  
  17  1:10  Supply Depot  
  17  1:13  SCV  
  18  1:25  SCV  
  19  1:38  Barracks  
  19  1:48  Barracks Tech Lab  
  19  1:53  Supply Depot  
  19  2:04  Refinery  
  19  2:12  Factory  
  20  2:31  Barracks Reactor  
  20  2:37  Supply Depot  
  19  2:38  Marine  
  20  2:53  SCV  
  21  3:05  SCV  
  22  3:11  Command Center  
  22  3:13  Starport  
  22  3:17  SCV  
  23  3:29  Barracks Reactor, SCV  
  24  3:36  Marine x2  
  26  3:49  Siege Tank  
  26  3:54  Marine x2  
  29  4:12  Marine x2  
  31  4:21  Marine x2  
  31  4:34  Siege Tank  
  25  5:03  SCV  
  25  5:05  SCV  
  27  5:08  Starport Reactor  
  27  5:15  SCV  
  27  5:18  SCV  
  32  5:22  Widow Mine  
  32  5:28  SCV  
  32  5:30  SCV  
  33  5:40  SCV  
  33  5:42  SCV  
  35  5:48  Viking  
  35  5:49  Viking  
  39  5:54  SCV, Refinery  
  40  6:06  SCV  
  41  6:14  Marine x2  
  41  6:15  Marine x2  
  46  6:18  SCV  
  46  6:25  Refinery  
  46  6:27  SCV  
  46  6:30  SCV  
  46  6:31  Marine  
  49  6:33  Marine  
  50  6:42  Viking x2  
  54  7:10  Supply Depot  
  54  7:20  Marine, SCV  
  54  7:22  Marine x2  
  54  7:25  Marine  
  49  7:32  Supply Depot  
  48  7:44  SCV  
  46  7:48  SCV, Viking  
  46  7:53  Viking  
  46  7:56  SCV  
  49  8:00  SCV  
  50  8:07  Marine  
  50  8:08  Marine  
  50  8:09  Marine x2  
  54  8:53  Supply Depot  
  54  9:15  SCV x2, Widow Mine  
  58  9:27  SCV  
  59  9:39  SCV  
  60  9:51  SCV  
  59  10:03  SCV  
  54  10:15  SCV  
  34  10:30  Supply Depot  
  34  10:31  Supply Depot  
  34  10:35  SCV  
  35  10:46  Viking x2  
  35  10:47  SCV  
  35  10:49  Marine x3  
  43  10:50  Marine  
  44  10:59  SCV  
  45  11:11  SCV  
  45  11:14  Supply Depot  
  45  11:16  Viking x2  
  41  11:23  SCV  
  40  11:35  SCV  
  40  11:39  Supply Depot  
  41  11:40  SCV  
  41  11:41  Engineering Bay  
  41  11:46  Widow Mine, Viking x2  
  48  11:47  SCV  
  48  11:52  SCV  
  49  11:59  SCV  
  50  12:08  Widow Mine  
  52  12:11  SCV  
  52  12:15  Starport  
  53  12:16  Viking x2  
  51  12:42  Siege Tank  
  52  12:46  SCV  
  53  12:53  Starport Reactor  
  53  12:55  Starport  
  53  12:58  SCV  
  53  13:10  SCV  
  53  13:14  Siege Tank  
  53  13:22  SCV  
  53  13:34  SCV  
  45  13:49  Siege Tank  
  49  14:10  SCV  
  49  14:19  Starport Reactor  
  49  14:20  Starport Tech Lab  
  49  14:22  Siege Tank, SCV  
  53  14:34  SCV  
  54  14:39  Refinery  
  54  14:46  Marine, SCV  
  54  14:47  Marine x3  
  59  14:58  SCV  
  60  15:04  Marine x3  
  60  15:05  Marine  
  64  15:14  SCV  
  64  15:18  Viking x3  
  71  15:26  SCV  
  72  15:30  Corvid Reactor  
  72  15:38  SCV  
  72  15:40  Viking  
  75  15:50  SCV  
  76  16:02  SCV  
  42  17:03  Marine x2  
  46  17:19  SCV  
Show
View Real Time Build Order
Export as new Build Order

Leonardo Protoss 

Build Orders:  

Get SALT Encoding   

  1  0:00  Probe  
  12  0:06  Probe  
  14  0:15  Probe  
  15  0:24  Pylon  
  15  0:35  Assimilator  
  15  0:42  Probe  
  16  0:54  Probe  
  17  1:02  Probe  
  17  1:03  Gateway  
  18  1:23  Probe  
  19  1:32  Assimilator  
  19  1:35  Probe  
  20  1:48  Probe, Nexus  
  20  1:51  Zealot  
  23  2:01  Cybernetics Core  
  23  2:10  Pylon  
  23  2:28  Pylon, Probe, Zealot  
  26  2:35  Forge  
  26  2:41  Twilight Council  
  26  2:48  Probe  
  27  2:55  Zealot  
  29  3:05  Robotics Facility  
  29  3:09  Probe, Protoss Ground Weapons Level 1  
  29  3:17  Probe  
  30  3:21  Charge  
  30  3:26  Warp Gate  
  31  3:27  Probe  
  31  3:29  Zealot  
  34  4:03  Probe  
  34  4:05  Immortal  
  31  4:10  Zealot  
  31  4:11  Probe  
  36  4:20  Probe  
  36  4:21  Pylon  
  35  4:31  Zealot  
  35  4:33  Probe  
  38  4:43  Gateway  
  38  4:45  Probe  
  39  4:46  Gateway  
  39  4:47  Gateway  
  39  4:48  Gateway  
  39  5:03  Photon Cannon  
  39  5:07  Photon Cannon  
  39  5:20  Immortal  
  38  5:39  Probe  
  39  5:47  Probe  
  39  5:55  Nexus  
  39  6:10  Stalker x3  
  39  6:11  Stalker  
  46  6:12  Stalker  
  48  6:19  Pylon  
  48  6:23  Probe  
  49  6:32  Blink  
  49  6:37  Probe  
  50  6:43  Photon Cannon  
  50  6:46  Probe  
  50  6:53  Zealot x2  
  55  7:05  Probe  
  55  7:06  Probe  
  56  7:14  Probe  
  57  7:18  Probe  
  57  7:19  Photon Cannon  
  57  7:21  Assimilator  
  59  7:24  Probe  
  60  7:36  Probe  
  61  7:40  Zealot x2  
  61  7:41  Zealot x2  
  61  7:42  Zealot  
  69  7:48  Probe  
  66  8:00  Probe  
  66  8:02  Assimilator  
  66  8:05  Stalker  
  69  8:11  Pylon  
  69  8:12  Probe  
  70  8:13  Pylon, Protoss Ground Weapons Level 2  
  70  8:16  Pylon  
  70  8:47  Immortal, Nexus  
  74  8:53  Assimilator  
  74  8:57  Assimilator  
  74  9:27  Immortal  
  62  10:00  Stalker  
  62  10:01  Stalker x3  
  62  10:02  Stalker  
  56  10:17  Robotics Bay  
  56  10:23  Probe  
  56  10:25  Stalker x3  
  56  10:26  Stalker x2  
  67  10:35  Probe  
  68  10:47  Probe  
  68  10:48  Gateway  
  69  10:51  Gateway  
  69  10:52  Protoss Ground Weapons Level 3  
  69  10:56  Robotics Facility  
  69  10:59  Robotics Facility  
  69  11:09  Stalker x2  
  69  11:10  Stalker  
  69  11:11  Stalker  
  77  11:16  Resonating Glaives  
  74  11:33  Colossus  
  74  11:35  Extended Thermal Lance  
  80  11:52  Colossus  
  80  11:53  Colossus  
  92  12:12  Zealot x4  
  92  12:13  Zealot  
  102  12:17  Zealot  
  104  12:23  Probe  
  104  12:29  Probe  
  106  12:35  Probe  
  107  12:39  Pylon  
  107  12:41  Pylon  
  107  12:42  Pylon  
  107  12:47  Probe  
  108  13:01  Pylon  
  108  13:09  Immortal x3  
  108  13:30  Protoss Ground Armor Level 1  
  106  13:43  Stalker x4  
  106  13:44  Stalker x2  
  106  13:45  Stalker  
  88  14:07  Stalker x3  
  88  14:08  Stalker x2  
  98  14:44  Stalker x3  
  98  14:45  Stalker x4  
  112  15:24  Nexus  
  112  15:28  Colossus x2  
  112  15:35  Colossus  
  130  15:45  Protoss Ground Armor Level 2  
  130  15:55  Pylon  
  130  16:00  Pylon  
  129  16:29  Zealot x4  
  129  16:30  Zealot x3  
  47  17:18  Zealot x3  
  47  17:19  Zealot x2  
  47  17:20  Zealot x2  
  41  17:41  Zealot  
  41  17:42  Zealot x2  
Show
View Real Time Build Order
Export as new Build Order

JaySlays Protoss - Winner!

Build Orders:  

Get SALT Encoding   

  12  0:01  Probe  
  13  0:14  Probe  
  14  0:20  Pylon  
  14  0:26  Probe  
  15  0:36  Probe  
  15  0:41  Gateway  
  16  0:44  Probe  
  17  0:50  Assimilator  
  17  0:54  Probe  
  18  1:06  Probe  
  18  1:09  Assimilator  
  19  1:18  Probe  
  19  1:19  Pylon  
  20  1:28  Probe  
  21  1:32  Cybernetics Core  
  21  1:36  Probe  
  22  1:47  Probe  
  22  1:49  Gateway  
  23  1:58  Gateway  
  23  1:59  Warp Gate  
  23  2:01  Probe  
  24  2:16  Adept  
  26  2:38  Nexus  
  26  2:42  Probe  
  27  2:47  Adept  
  29  2:57  Twilight Council  
  29  3:03  Probe  
  30  3:24  Pylon  
  30  3:27  Resonating Glaives  
  30  3:29  Probe  
  30  3:30  Pylon  
  31  3:42  Adept  
  37  4:16  Probe  
  31  4:20  Probe  
  31  4:21  Gateway  
  33  4:32  Probe, Adept x3  
  38  4:51  Probe x2  
  40  4:56  Adept x3  
  46  5:03  Probe x2  
  48  5:10  Robotics Facility  
  48  5:15  Probe  
  48  5:16  Probe  
  50  5:27  Probe, Gateway x2  
  51  5:30  Forge  
  51  5:34  Adept x3  
  49  5:47  Adept  
  49  5:48  Protoss Ground Weapons Level 1  
  49  5:50  Probe x2  
  49  5:53  Assimilator  
  49  5:56  Assimilator  
  49  6:00  Warp Prism  
  49  6:02  Probe  
  49  6:03  Probe  
  51  6:06  Adept x3  
  59  6:12  Probe  
  59  6:15  Probe  
  61  6:20  Probe  
  62  6:38  Pylon  
  62  6:40  Pylon  
  62  6:47  Immortal  
  62  6:52  Charge  
  62  6:56  Probe  
  67  7:05  Pylon  
  67  7:34  Adept  
  67  7:35  Adept x3  
  67  7:53  Stalker x2  
  61  7:59  Photon Cannon  
  61  8:02  Pylon, Protoss Ground Weapons Level 2  
  61  8:04  Immortal, Stalker x4  
  73  8:23  Nexus  
  73  8:27  Templar Archives  
  73  8:32  Immortal  
  73  8:33  Stalker x3  
  79  8:34  Stalker x3  
  89  9:00  Blink  
  89  9:03  Photon Cannon  
  89  9:05  Stalker  
  89  9:06  Stalker  
  93  9:13  Pylon  
  93  9:14  Pylon  
  93  9:20  Psionic Storm  
  93  9:24  Pylon  
  93  9:30  Warp Prism  
  95  9:33  High Templar  
  95  9:34  High Templar x4  
  95  9:37  High Templar  
  95  9:38  Archon x2  
  107  9:40  Archon  
  107  9:59  Immortal  
  105  10:06  Protoss Ground Weapons Level 3  
  107  10:15  Photon Cannon  
  107  10:31  Forge  
  107  10:35  Probe x3  
  110  10:47  Immortal, Probe  
  115  11:10  Zealot x4  
  115  11:11  Zealot x2  
  127  11:14  Protoss Ground Armor Level 1  
  115  11:33  Immortal  
  115  11:35  Probe  
  115  11:36  Probe x2  
  115  11:38  Assimilator  
  118  11:41  Assimilator  
  122  11:47  Probe, Zealot x3  
  122  11:48  Zealot x2  
  133  12:02  Pylon  
  133  12:04  Pylon  
  133  12:06  Pylon  
  133  12:13  Immortal  
  137  12:23  High Templar x3  
  137  12:24  High Templar x3  
  137  12:28  Archon x3  
  149  12:40  Protoss Shields Level 1, Gateway  
  149  12:42  Gateway  
  149  12:44  Immortal  
  149  12:46  Gateway  
  149  12:47  Gateway  
  149  12:52  Gateway  
  149  12:56  Gateway  
  153  13:04  Zealot  
  153  13:05  Zealot  
  145  13:22  Warp Prism  
  81  13:55  Zealot x3  
  65  13:56  Zealot x3  
  65  13:59  Immortal  
  79  14:14  Protoss Shields Level 2  
  79  14:16  Protoss Ground Armor Level 2  
  79  14:20  Zealot x4  
  79  14:21  Zealot x4  
  79  14:22  Zealot x3  
  79  14:23  Zealot  
  103  14:46  Zealot  
  103  14:48  Immortal, High Templar x3  
  103  14:49  High Templar x6  
  103  14:50  High Templar x2  
  127  14:53  Archon x3  
  127  14:54  Archon x2  
  131  15:24  Immortal  
  131  15:25  Zealot  
  131  15:26  Zealot x6  
  131  15:27  Zealot x4  
  157  15:35  Pylon  
  157  15:37  Pylon  
  157  15:38  Pylon  
  155  16:47  Pylon  
  155  16:48  Pylon  
  155  16:51  Pylon  
  155  16:52  Immortal  
  155  16:53  Nexus  
  149  17:00  Zealot x7  
  149  17:01  Zealot x2  
  167  17:32  Immortal  
  171  17:38  Stalker x6  
  171  17:39  Stalker x4  
  171  17:40  Stalker x2  
  195  18:32  Zealot x2  
Show
View Real Time Build Order
Export as new Build Order

Wolf Protoss - Winner!

Build Orders: Oracle Opening 

Get SALT Encoding   

  12  0:02  Probe  
  13  0:14  Probe  
  13  0:19  Pylon  
  14  0:26  Probe  
  15  0:35  Probe  
  15  0:37  Gateway  
  16  0:45  Probe, Assimilator  
  17  0:56  Probe  
  17  0:59  Assimilator  
  18  1:08  Probe  
  19  1:20  Probe  
  20  1:26  Gateway  
  20  1:31  Cybernetics Core  
  20  1:32  Probe  
  21  2:00  Nexus  
  21  2:07  Pylon  
  21  2:16  Warp Gate  
  21  2:21  Stalker  
  23  2:26  Stalker  
  25  2:41  Probe, Stargate  
  26  2:53  Pylon, Probe  
  27  3:04  Probe  
  27  3:09  Probe  
  29  3:12  Probe  
  29  3:17  Probe  
  30  3:20  Probe  
  30  3:22  Oracle  
  30  3:24  Forge  
  32  3:27  Probe  
  36  3:35  Probe  
  37  4:03  Oracle  
  40  4:15  Probe x2  
  42  4:22  Assimilator  
  42  4:25  Assimilator  
  42  4:26  Pylon  
  42  4:27  Probe x2  
  42  4:28  Pylon  
  42  4:30  Stargate  
  44  4:39  Probe  
  45  4:49  Phoenix  
  47  5:14  Phoenix x2  
  47  5:39  Phoenix x2  
  51  5:59  Phoenix  
  51  6:02  Probe x2  
  55  6:06  Phoenix  
  55  6:07  Pylon  
  55  6:09  Pylon  
  55  6:11  Pylon  
  55  6:14  Probe x2  
  59  6:26  Probe x2  
  61  6:38  Pylon  
  61  6:40  Nexus  
  61  6:42  Gateway, Assimilator  
  61  6:44  Gateway  
  61  6:45  Gateway  
  61  6:47  Gateway, Assimilator  
  61  6:49  Gateway  
  61  6:57  Stargate  
  61  6:59  Stargate  
  61  7:01  Fleet Beacon  
  61  7:17  Phoenix x2  
  63  7:42  Probe x2, Phoenix x2  
  69  7:54  Probe x2  
  71  8:06  Probe  
  71  8:07  Probe, Phoenix x2  
  71  8:30  Phoenix x2  
  71  8:31  Phoenix  
  77  8:36  Phoenix  
  79  8:47  Probe x3, Pylon  
  82  8:51  Pylon  
  82  8:52  Pylon  
  82  8:55  Phoenix x2  
  86  8:56  Phoenix  
  86  8:59  Probe x3  
  89  9:20  Phoenix x4  
  93  9:35  Graviton Catapult  
  93  9:41  Phoenix  
  51  10:14  Carrier x3  
  49  10:27  Probe x2  
  49  10:28  Probe  
  67  10:35  Probe x2  
  70  10:36  Probe  
  70  10:38  Protoss Shields Level 1  
  73  10:44  Probe x2  
  73  10:45  Probe  
  76  10:56  Carrier  
  82  11:02  Probe x2  
  82  11:03  Probe  
  85  11:14  Probe  
  85  11:15  Probe x2  
  86  11:26  Probe  
  86  11:27  Probe  
  86  11:30  Carrier x2  
  88  11:33  Probe  
  88  11:39  Probe x2  
  91  11:43  Pylon  
  91  11:44  Carrier  
  91  11:45  Probe  
  110  12:07  Carrier  
  114  12:35  Probe x3  
  117  12:44  Twilight Council  
  117  12:47  Probe x2, Carrier  
  117  12:48  Carrier  
  119  12:53  Anion Pulse-Crystals  
  131  13:04  Pylon  
  125  13:35  Carrier x2, Mothership  
  133  14:03  Protoss Shields Level 2  
  133  14:08  Pylon  
  139  14:10  Pylon  
  139  14:12  Carrier  
  139  14:15  Pylon  
  145  14:21  Pylon  
  145  14:32  Void Ray  
  149  14:42  Pylon  
  149  14:50  Void Ray  
  149  14:51  Photon Cannon  
  149  14:58  Void Ray  
  149  15:05  Void Ray  
  161  15:28  Void Ray  
  161  15:39  Void Ray  
  161  15:41  Void Ray  
  173  15:48  Void Ray  
  177  16:11  Void Ray  
  177  16:12  Nexus  
  177  16:13  Pylon  
  177  16:15  Assimilator  
  177  16:17  Assimilator  
  181  16:20  Pylon  
  181  16:22  Void Ray  
  181  16:24  Void Ray  
  189  16:31  Void Ray  
  149  17:12  Void Ray x3  
  161  17:40  Void Ray  
  165  17:46  Probe  
  160  17:58  Probe  
  159  18:10  Probe  
  142  18:22  Probe  
Show
View Real Time Build Order
Export as new Build Order

jas Zerg - Winner!

Build Orders: Pool First 

Get SALT Encoding   

  12  0:05  Drone  
  13  0:12  Drone  
  14  0:18  Overlord  
  14  0:38  Drone x2  
  14  0:39  Drone  
  17  0:50  Drone  
  17  0:56  Spawning Pool  
  17  1:00  Drone  
  17  1:01  Extractor  
  17  1:11  Drone  
  18  1:21  Drone  
  19  1:36  Drone  
  19  1:37  Hatchery  
  19  1:43  Overlord  
  19  1:48  Queen  
  21  1:59  Drone  
  22  2:02  Baneling Nest  
  22  2:08  Drone  
  22  2:13  Extractor  
  21  2:16  Drone  
  22  2:23  Metabolic Boost  
  22  2:29  Drone  
  23  2:37  Drone  
  24  2:48  Drone  
  24  2:50  Lair  
  25  3:00  Zergling x6  
  28  3:06  Drone x2  
  28  3:07  Queen  
  28  3:11  Overlord  
  32  3:26  Zergling x4  
  34  3:29  Zergling x4  
  34  3:30  Zergling x2  
  34  3:34  Drone  
  38  3:35  Drone  
  38  3:37  Drone  
  38  4:14  Baneling x3  
  37  4:23  Baneling x3  
  37  4:24  Baneling  
  34  4:44  Zergling x6  
  35  4:47  Centrifical Hooks  
  35  4:49  Zergling x8  
  35  4:50  Zergling x2  
  40  4:54  Zergling x2  
  40  4:56  Drone, Evolution Chamber  
  41  5:03  Hydralisk Den  
  40  5:09  Drone  
  41  5:15  Drone  
  41  5:17  Baneling x2, Evolution Chamber  
  41  5:20  Overlord x2  
  41  5:21  Overlord  
  41  5:24  Zerg Ground Armor Level 1  
  41  5:28  Drone x3  
  44  5:32  Extractor  
  44  5:34  Extractor, Grooved Spines  
  42  5:40  Baneling x2  
  42  5:41  Baneling x6  
  42  5:43  Baneling  
  42  5:53  Zergling x10  
  47  5:58  Drone  
  47  6:01  Zergling x6  
  47  6:02  Zergling x4  
  53  6:20  Zerg Melee Weapons Level 1  
  53  6:25  Drone  
  53  6:26  Zergling x6  
  53  6:29  Infestation Pit  
  53  6:31  Drone x3  
  53  6:32  Drone  
  60  6:36  Overlord  
  60  6:58  Hydralisk x3  
  66  7:03  Drone x4  
  66  7:05  Drone  
  53  8:01  Hydralisk x5  
  53  8:05  Hydralisk x4  
  67  8:39  Zerg Ground Armor Level 2  
  67  8:42  Zerg Missile Weapons Level 1  
  67  8:53  Drone  
  67  8:54  Overlord x4  
  67  8:55  Overlord  
  68  8:58  Extractor, Hive  
  68  8:59  Hatchery  
  68  9:02  Extractor  
  65  9:09  Hydralisk  
  67  9:13  Spore Crawler  
  67  9:14  Spore Crawler  
  67  9:16  Spore Crawler  
  64  9:22  Drone x7  
  71  9:28  Muscular Augments  
  71  9:30  Hydralisk x2  
  75  9:39  Drone x3  
  78  9:48  Hydralisk x2  
  72  10:06  Hydralisk  
  70  10:07  Hydralisk x4  
  70  10:13  Drone x2  
  78  10:14  Drone  
  79  10:24  Drone x2  
  79  10:25  Queen  
  84  10:28  Drone  
  84  10:36  Drone  
  85  10:44  Hydralisk x5  
  85  10:47  Hydralisk  
  97  10:57  Hydralisk x3  
  97  10:59  Hydralisk  
  97  11:01  Drone  
  106  11:07  Zerg Missile Weapons Level 2  
  106  11:17  Hydralisk  
  106  11:18  Hydralisk x3  
  112  11:22  Overlord  
  112  11:25  Overlord x2  
  114  11:34  Zerg Ground Armor Level 3  
  114  11:57  Overseer  
  114  11:58  Pneumatized Carapace  
  114  11:59  Overseer  
  114  12:02  Hydralisk  
  114  12:03  Hydralisk x7  
  130  12:09  Hydralisk  
  130  12:10  Hydralisk x2  
  136  12:15  Overlord  
  136  12:16  Overlord x2  
  136  12:40  Drone x3  
  139  12:45  Drone x2  
  139  12:46  Drone  
  142  12:58  Adrenal Glands  
  142  13:08  Hatchery  
  142  13:11  Extractor  
  104  13:36  Ultralisk Cavern  
  65  14:00  Extractor  
  60  14:02  Zerg Melee Weapons Level 2  
  60  14:10  Drone  
  60  14:11  Drone x7  
  60  14:15  Overlord x2  
  68  14:25  Chitinous Plating  
  68  14:27  Ultralisk  
  68  14:28  Ultralisk x6  
  68  14:29  Zergling x2  
  68  14:30  Zergling x6  
  114  14:35  Drone x2  
  118  15:02  Hydralisk  
  118  15:04  Ultralisk x2  
  118  15:05  Ultralisk, Zergling x2  
  118  15:06  Zergling x12  
  133  15:14  Zergling x2  
  133  15:15  Zergling x10  
  139  15:22  Baneling x3  
  139  15:23  Baneling x5  
  139  15:29  Hydralisk x3  
  145  16:02  Hatchery  
  144  16:22  Zergling x2  
  144  16:23  Zergling x8  
  120  16:36  Extractor  
  120  16:39  Extractor  
  86  16:51  Zergling x2  
  86  16:52  Zergling x10  
  92  16:55  Zergling x2  
  92  16:56  Zergling x8  
  92  17:00  Zergling x10  
  101  17:20  Zergling x4  
  101  17:22  Zergling x6  
  104  17:27  Zergling x2  
  104  17:28  Zergling x10  
  103  17:38  Zergling x6  
  103  17:43  Zergling x4  
  107  17:48  Zergling x12  
Tags
 
Add a new tag
Caveats
  • Supply blocks, unpowered buildings, or Contaminate may cause inaccurate times.
  • Supply counts are checked every 10 seconds.